 Dungeon Sprint DCSS version 0.29-a0-392-g297d3b089c (webtiles) character file.

Game seed: 15938906236565153507

44 mhtbhm the Slasher (level 3, -4/34 HPs)
             Began as a Barachi Berserker on May 8, 2022.
             Was a Priest of Trog.
             Slain by a phantom (7 damage)
             ... in the Dungeon (Sprint IX: "|||||||||||||||||||||||||||||").
             The game lasted 00:00:24 (203 turns).

mhtbhm the Slasher (Barachi Berserker)               Turns: 203, Time: 00:00:24

Health: -4/34      AC:  2    Str: 20    XL:     3   Next: 60%
Magic:  3/3        EV: 12    Int:  7    God:    Trog [***...]
Gold:   0          SH:  0    Dex: 11    Spells: 2/2 levels left

rFire   . . .      SeeInvis .   a - +0 falchion
rCold   . . .      Faith    .   (no shield)
rNeg    . . .      Spirit   .   b - +0 animal skin
rPois   .          Reflect  .   (no helmet)
rElec   .          Harm     .   (no cloak)
rCorr   .          Rampage  .   (no gloves)
Will    .....      NoTele   +   (no boots)
Stlth   +.........              (no amulet)
HPRegen 0.11/turn               (no ring)
MPRegen 0.08/turn               (no ring)

@: on berserk cooldown, hasted and slowed, slow
A: amphibious, slowness 1, strong legs 1, +LOS
a: Hop, Renounce Religion, Berserk, Trog's Hand


You were in the Dungeon.
You worshipped Trog.
Trog was most pleased with you.
You visited 1 branch

Inventory:

Hand Weapons
 a - a +0 falchion (weapon)
Armour
 b - a +0 animal skin (worn)
Scrolls
 h - a scroll of blinking
Potions
 f - 2 potions of magic
 g - a potion of berserk rage


   Skills:
 + Level 6.0 Fighting
 + Level 6.5 Long Blades
 + Level 3.4 Armour
 + Level 3.2 Dodging


You had 2 spell levels left.
You didn't know any spells.
Your spell library was empty.

Dungeon Overview and Level Annotations

Branches:
Dungeon (1/1)

Altars:


Innate Abilities, Weirdness & Mutations

You are amphibious.
You cover ground slowly.
You can hop short distances.
You have an extended range of vision and can be seen from far away.


Message History

You are too injured to fight recklessly!
You are too injured to fight recklessly!
You are too injured to fight recklessly!
You are too injured to fight recklessly!
You are too injured to fight recklessly!
You are too injured to fight recklessly!
You are too injured to fight recklessly!
You closely miss the phantom.
The phantom is moderately damaged.
The phantom barely misses you.
The phantom hits you but does no damage.
You hit the phantom. Your punch misses the phantom.
The phantom is heavily damaged.
The phantom closely misses you.
You hit the phantom but do no damage.
The phantom is heavily damaged.
The phantom hits you.
* * * LOW HITPOINT WARNING * * *
The phantom hits you.
* * * LOW HITPOINT WARNING * * *
You feel better. The phantom hits you.
You hit the phantom but do no damage.
The phantom is heavily damaged.
The phantom barely misses you. x2
You feel yourself speed up. The phantom hits you.
* * * LOW HITPOINT WARNING * * *
You hit the phantom but do no damage.
The phantom is heavily damaged.
The phantom barely misses you.
You barely miss the phantom.
The phantom is moderately damaged.
The phantom closely misses you.
You hit the phantom but do no damage.
The phantom is moderately damaged.
The phantom hits you.
* * * LOW HITPOINT WARNING * * *
You closely miss the phantom.
The phantom is moderately damaged.
The phantom hits you!
You die... ▓▓▓▓▓▓▓▓▓▓▓▓▓▓▓▓▓▓ +....W@....††...<▓ ▓▓▓▓▓▓▓▓▓▓▓▓▓▓▓▓▓▓

You could see a phantom.

Vanquished Creatures
  An iguana (D)
  A gnoll (D)
  An orc (D)
  An endoplasm (D)
  A hobgoblin (D)
  2 quokkas (D)
  2 rats (D)
9 creatures vanquished.

Notes
Turn   | Place    | Note
-------+----------+-------------------------------------------
     0 | D        | mhtbhm the Barachi Berserker began the quest for the Orb.
     0 | D        | Reached XP level 1. HP: 18/18 MP: 1/1
    11 | D        | Reached ** piety under Trog
   170 | D        | Noticed a phantom
   170 | D        | Noticed an iguana
   174 | D        | Reached XP level 2. HP: 26/26 MP: 2/2
   178 | D        | Reached skill level 5 in Fighting
   178 | D        | Reached skill level 5 in Long Blades
   180 | D        | Reached *** piety under Trog
   185 | D        | Reached XP level 3. HP: 34/34 MP: 3/3
   203 | D        | Slain by a phantom

Illustrated notes

Levels and vault maps discovered:
D:        linesprint [early_d, line_temple, items_1, d_10, items_2, lair_1,
          lair_end, items_3, orc_1, orc_end, items_4, d_15, swamp_1, shoals_1,
          snake_1, spider_1, d_20, vaults_1, items_5, swamp_end, shoals_end,
          snake_end, spider_end, vaults_end, d_27, items_6, zot_1, zot_end,
          crypt_end, forest_end, elf_end, slime_end, tomb_end, abyss_end,
          pan_hell_end]

Skill      XL: |  1  2 |
---------------+-------+-----
Fighting       | 4 6 |  6.0
Long Blades    | 4 6 |  6.5
Armour         | 3 |  3.4
Dodging        | 3 |  3.2

Action                   || total
-------------------------++-------
Melee: Falchion          ||    38
Invok: Berserk           ||     2
  Use: Potion            ||     3
Armor: Animal skin       ||     2
Dodge: Dodged            ||    19

Table legend: (Time is in decaauts)
 A = Elapsed time spent in this place.
 B = Non-inter-level travel time spent in this place.
 C = Inter-level travel time spent in this place.
 D = Time resting spent in this place.
 E = Time spent auto-exploring this place.
 F = Levels seen in this place.
 G = Mean time per level.
                   A        B        C        D        E       F      G
               +--------+--------+--------+--------+--------+-----+--------+
         Total |    214 |    214 |      0 |    157 |      0 |   1 |  214.0 |
       Dungeon |    214 |    214 |      0 |    157 |      0 |   1 |  214.0 |
               +--------+--------+--------+--------+--------+-----+--------+

Top non-repeatable levels by time:
       D: 214 daAuts
